 Dungeon Crawl Stone Soup version 0.21-a0-400-g417d9d2 (webtiles) character file.

299 NoRagrets the Magician (level 6, -1/35 HPs)
             Began as a Deep Elf Conjurer on Oct 20, 2017.
             Killed from afar by an orc wizard (7 damage)
             ... with a magic dart
             ... on level 4 of the Dungeon.
             The game lasted 00:07:55 (4817 turns).

NoRagrets the Magician (Deep Elf Conjurer)          Turns: 4817, Time: 00:07:55

Health: -1/35      AC:  4    Str:  5    XL:     6   Next: 13%
Magic:  4/17       EV: 13    Int: 22    God:
Gold:   181        SH:  0    Dex: 15    Spells: 17/18 levels left

rFire    . . .     SeeInvis .   n - staff of death
rCold    + . .     Gourm    .   (no shield)
rNeg     + . .     Faith    .   a - +0 robe
rPois    .         Spirit   .   (no helmet)
rElec    .         Reflect  .   g - +0 cloak
rCorr    .         Harm     .   (no gloves)
MR       .....                  w - +0 pair of boots
Stlth    ++........             (no amulet)
HPRegen  0.11/turn              q - ring of protection from cold
MPRegen  0.15/turn              (no ring)

@: no status effects
A: no striking features
a: no special abilities


You were on level 4 of the Dungeon.
You were hungry.

You visited 1 branch of the dungeon, and saw 4 of its levels.

You collected 181 gold pieces.

Inventory:

Armour
 a - a +0 robe (worn)
 g - a +0 cloak (worn)
 w - a +0 pair of boots (worn)
Magical Staves
 n - an uncursed staff of death (weapon)
Jewellery
 q - a ring of protection from cold (left hand)
Wands
 k - a wand of lightning (9/15)
Scrolls
 d - 2 scrolls of magic mapping
 i - 3 scrolls of teleportation
 m - 2 scrolls of amnesia {unknown}
 p - a scroll of blinking
 v - 3 scrolls of identify {@r1}
 y - a scroll of recharging {unknown}
 A - a scroll of enchant armour {unknown}
Potions
 e - a potion of curing {unknown}
 h - 3 potions of heal wounds {unknown}
 j - 3 potions of flight {unknown}
 o - a potion of ambrosia {unknown}
 r - a potion of experience {unknown}
 s - a potion of degeneration {unknown}
 z - a potion of might {unknown}
Books
 b - a book of Conjurations

   Spells                             Type                      Level
   a - Magic Dart                     Conjuration                  1
   b - Searing Ray                    Conjuration                  2
   c - Dazzling Spray                 Conjuration/Hexes            3
   d - Fulminant Prism                Conjuration/Hexes            4
   e - Force Lance                    Conjuration/Translocation    4
   f - Iskenderun's Mystic Blast      Conjuration                  4
 B - a book of the Earth

   Spells                             Type                      Level
   a - Leda's Liquefaction            Hexes/Earth                  4
   b - Bolt of Magma                  Conjuration/Fire/Earth       5
   c - Statue Form                    Transmutation/Earth          6
   d - Iron Shot                      Conjuration/Earth            6
   e - Shatter                        Earth                        9
Comestibles
 c - 3 bread rations
 f - a meat ration
 l - a royal jelly
 x - 5 fruits


   Skills:
 + Level 1.9 Fighting
 - Level 2.4 Dodging
 - Level 2.4 Stealth
 * Level 6.7 Spellcasting
 + Level 5.6 Conjurations


You had 17 spell levels left.
You knew the following spells:

 Your Spells              Type           Power        Failure   Level  Hunger
a - Magic Dart            Conj           ####         1%          1    None


Dungeon Overview and Level Annotations

Branches:
Dungeon (4/15)
 Temple: D:4-7

Altars:
Fedhas
Gozag


Message History

Casting: Magic Dart
Confirm with . or Enter, or press ? or * to list all spells.
Aiming: Magic Dart
Press: ? - help, Shift-Dir - straight line, f/p - orc wizard
Aim: an orc wizard, wielding a dagger and wearing a robe (heavily wounded)
The magic dart hits the orc wizard.
The orc wizard is heavily wounded.
The orc wizard points at you and mumbles some strange words.
The magic dart hits you!
* * * LOW HITPOINT WARNING * * *
Casting: Magic Dart
Confirm with . or Enter, or press ? or * to list all spells.
Aiming: Magic Dart
Press: ? - help, Shift-Dir - straight line, f/p - orc wizard
Aim: an orc wizard, wielding a dagger and wearing a robe (heavily wounded)
The magic dart hits the orc wizard.
The orc wizard is severely wounded.
The orc wizard points at you and mumbles some strange words.
The magic dart hits you!
You die...

### #@# #[#
#######.#
#.....#.#
#.###.#.# #.#
#.#.# #.#
#.#o###### #.#
#.#......#
#.###'#.####.#


You could see an orc wizard.

Vanquished Creatures
  A jelly (D:3)
  Crazy Yiuf (D:2)
  An orc priest (D:4)
  An orc wizard (D:4)
  An iguana (D:4)
  4 gnolls
  An adder (D:2)
  An adder skeleton (D:4)
  A worm (D:3)
  4 dart slugs
  5 leopard geckos
  6 orcs
  8 bats
  5 giant cockroaches
  15 hobgoblins
  4 jackals (D:1)
  A quokka (D:2)
  A ball python (D:4)
  A ball python skeleton (D:4)
  7 frilled lizards
  9 goblins
  5 kobolds
  2 rats
85 creatures vanquished.

Notes
Turn   | Place    | Note
-------+----------+-------------------------------------------
     0 | D:1      | NoRagrets the Deep Elf Conjurer began the quest for the Orb.
     0 | D:1      | Reached XP level 1. HP: 10/10 MP: 6/6
   180 | D:1      | Reached XP level 2. HP: 15/15 MP: 0/8
   367 | D:1      | Reached skill level 4 in Spellcasting
   552 | D:1      | Reached XP level 3. HP: 19/19 MP: 7/10
  1259 | D:2      | Reached skill level 5 in Conjurations
  1403 | D:2      | Found a runed door.
  1443 | D:2      | Reached skill level 5 in Spellcasting
  1455 | D:2      | Reached XP level 4. HP: 24/24 MP: 8/13
  1804 | D:2      | Noticed Crazy Yiuf
  1811 | D:2      | Killed Crazy Yiuf
  1811 | D:2      | Reached skill level 1 in Fighting
  1942 | D:3      | Reached XP level 5. HP: 29/29 MP: 5/15
  2718 | D:2      | Reached skill level 6 in Spellcasting
  3345 | D:3      | Found a blossoming altar of Fedhas.
  3551 | D:3      | Found an opulent altar of Gozag.
  4389 | D:4      | Reached XP level 6. HP: 35/35 MP: 15/17
  4817 | D:4      | Killed from afar by an orc wizard

Vault maps used:
D:1:      dpeg_arrival_chambers_temple_mockup
D:2:      uniq_crazy_yiuf_cottage
D:3:      nicolae_overflow_crystal_walls, old_standard_altar

Skill      XL: |  1  2  3  4  5 |
---------------+----------------+-----
Spellcasting   | 4 5 6 |  6.7
Conjurations   | 5 |  5.6
Fighting       | 1 |  1.9
Dodging        | |  2.4
Stealth        | |  2.4

Action                   |  1- 3 |  4- 6 || total
-------------------------+-------+-------++-------
 Cast: Magic Dart        |    84 |   137 ||   221
  Use: Scroll            |       |     8 ||     8
  Eat: Chunk             |     1 |    10 ||    11
Armor: Robe              |     5 |     7 ||    12
Dodge: Dodged            |     7 |    36 ||    43

Table legend:
 A = Spawn XP
 B = Non-spawn XP
 C = Spawn XP percentage of total XP
 D = Spawn monster count
 E = Non-spawn monster count
 F = Spawn count percentage of total count
 G = Total turns spent on level
                    A         B        C        D         E        F      G
               +---------+---------+-------+---------+---------+-------+---------
         Total |       0 |     428 |   0.0 |       0 |      85 |   0.0 |  4817
               +---------+---------+-------+---------+---------+-------+---------
           D:1 |       0 |      53 |   0.0 |       0 |      28 |   0.0 |   883
           D:2 |       0 |     111 |   0.0 |       0 |      24 |   0.0 |  1743
           D:3 |       0 |     119 |   0.0 |       0 |      18 |   0.0 |  1445
           D:4 |       0 |     145 |   0.0 |       0 |      15 |   0.0 |   746
               +---------+---------+-------+---------+---------+-------+---------
